 Dungeon Crawl Stone Soup version 0.28-a0-863-g8cecda6153 (console) character file.

Game seed: 3791427491167874989

312 jejorda2 the Slasher (level 6, -2/39 HPs)
             Began as a Gargoyle Berserker on Nov 18, 2021.
             Was a Follower of Trog.
             Slain by a black bear (3 damage)
             ... on level 4 of the Dungeon.
             The game lasted 00:06:04 (4367 turns).

jejorda2 the Slasher (Gargoyle Berserker)           Turns: 4367, Time: 00:06:05

Health: -2/39      AC: 11    Str: 22    XL:     6   Next: 42%
Magic:  6/6        EV: 10    Int:  8    God:    Trog [*.....]
Gold:   144        SH:  0    Dex:  9    Spells: 5/5 levels left

rFire   . . .      SeeInvis .   a - +0 long sword
rCold   . . .      Faith    .   (no shield)
rNeg    + . .      Spirit   .   h - +0 scale mail
rPois   ∞          Reflect  .   (no helmet)
rElec   +          Harm     .   (no cloak)
rCorr   .          Rampage  .   (no gloves)
Will    .....                   (no boots)
Stlth   ..........              (no amulet)
HPRegen 0.13/turn               (no ring)
MPRegen 0.10/turn               (no ring)

@: confused
A: sickness immunity, AC +4, negative energy resistance 1, electricity
resistance, torment resistance 1, petrification resistance
a: Renounce Religion, Berserk


You were on level 4 of the Dungeon.
You worshipped Trog.
Trog was aware of your devotion.
You visited 1 branch of the dungeon, and saw 4 of its levels.

You collected 144 gold pieces.

Inventory:

Hand Weapons
 a - a +0 long sword (weapon)
 d - a +0 hunting sling
 n - a +0 flail
Missiles
 c - 52 sling bullets
 e - 26 arrows
 j - 75 stones
 u - 16 poisoned darts (quivered)
Armour
 h - a +0 scale mail (worn)
Scrolls
 b - a scroll of silence {unknown}
 f - 7 scrolls of identify {unknown}
 g - a scroll of blinking {unknown}
 i - a scroll of fog {unknown}
 k - a scroll of enchant armour {unknown}
 p - a scroll of summoning {unknown}
 q - a scroll of vulnerability {unknown}
 r - a scroll of teleportation {unknown}
 s - a scroll of enchant weapon {unknown}
 v - a scroll of acquirement {unknown}
Potions
 l - 2 potions of might {unknown}
 m - 2 potions of flight {unknown}
 o - a potion of haste {unknown}
 t - a potion of lignification {unknown}


   Skills:
 + Level 4.7 Fighting
 * Level 4.9 Long Blades
 + Level 4.0 Armour
 - Level 1.5 Dodging


You had 5 spell levels left.
You didn't know any spells.
Your spell library was empty.

Dungeon Overview and Level Annotations

Branches:
Dungeon (4/15)
 Temple: D:4-7

Altars:
Elyvilon


Innate Abilities, Weirdness & Mutations

You are immune to sickness and miasma.
Your stone body is resilient. (AC +4)
You are immune to poison.
You resist negative energy. (rN+)
You are resistant to electric shocks. (rElec)
You are resistant to unholy torment.
You are immune to petrification.


Message History

You're too confused to move!
You miss something.
The orc priest begins to cast a cantrip, but forgets the words!
You miss something. Something hits you.
The orc priest invokes the aid of Beogh against you.
Beogh smites you!
The black bear growls angrily.
The orc wizard points at you and mumbles some strange words.
The puff of flame hits you.
You hear some strange, mumbled words.
You are more confused.
You bump into the rock wall.
The orc closely misses you.
The orc wizard gestures at you while chanting.
The puff of flame hits you!
* * * LOW HITPOINT WARNING * * *
Something hits you.
* * * LOW HITPOINT WARNING * * *
Unknown command.
You bump into the rock wall.
The orc closely misses you. The black bear bites you.
* * * LOW HITPOINT WARNING * * *
The black bear claws you.
* * * LOW HITPOINT WARNING * * *
The black bear barely misses you.
Unknown command.
The black bear bites you.
* * * LOW HITPOINT WARNING * * *
The black bear barely misses you.
The black bear claws you but does no damage.
The black bear barely misses you.
The black bear claws you but does no damage. x2
You're too confused to move!
The black bear bites you but does no damage.
The black bear claws you.
* * * LOW HITPOINT WARNING * * *
The black bear claws you but does no damage.
You bump into the rock wall.
The black bear bites you but does no damage.
The black bear claws you.
You die...

## ### ##....# .8. # #...#.# ..
.. #...#.# ... .##.!.#.####.#8
. ...........$..# ...
#........#.############
.....##..##.##.#..........#.###
.........ooo.h@................
.:...###.##.##.#......##.##.##.
#>..........................<..
########.##+##.#......##.#.....
#...........#...... #.#..##.
#...........#.##### #.#..##.
#............ #.#..#..
######....#.....## ..#..#.#
.................. ..#..#..


You could see a black bear, an orc priest, an orc wizard and an orc.

Vanquished Creatures
  A scorpion (D:4)
  A water moccasin skeleton (D:4)
  2 hounds (D:4)
  2 adders
  6 gnolls
  An ufetubus (D:4)
  4 worms (D:2)
  2 dart slugs (D:2)
  An orc (D:3)
  2 endoplasms (D:1)
  2 giant cockroaches
  9 goblins
  6 hobgoblins
  6 kobolds
  2 quokkas
  3 ball pythons
  2 bats
  2 frilled lizards (D:3)
  4 rats
58 creatures vanquished.

Vanquished Creatures (others)
  2 bats (D:3)
  5 plants (D:3)
7 creatures vanquished.

Grand Total: 65 creatures vanquished

Notes
Turn   | Place    | Note
-------+----------+-------------------------------------------
     0 | D:1      | jejorda2 the Gargoyle Berserker began the quest for the
                  | Orb.
     0 | D:1      | Reached XP level 1. HP: 14/14 MP: 1/1
   413 | D:1      | Reached XP level 2. HP: 19/19 MP: 2/2
   657 | D:1      | Found a faded altar of an unknown god.
  1747 | D:2      | Reached XP level 3. HP: 18/23 MP: 3/3
  2213 | D:2      | Reached XP level 4. HP: 26/29 MP: 4/4
  2907 | D:3      | Found a white marble altar of Elyvilon.
  3655 | D:4      | Reached XP level 5. HP: 27/33 MP: 5/5
  3729 | D:4      | Reached XP level 6. HP: 16/39 MP: 6/6
  3948 | D:4      | Noticed a black bear
  4364 | D:4      | HP: 1/39 [black bear (1)]
  4367 | D:4      | Slain by a black bear

Illustrated notes

Levels and vault maps discovered:
D:1:      amcnicky_arrival_gap_in_the_tavern_cellar, layout_loops_corners,
          dreamdust_ecumenical_altar_hidden_monk_grotto
D:2:      layout_rooms
D:3:      layout_loops_corners, elyvilon_altar_4, serial_forest,
          infiniplex_forest_3_way, infiniplex_forest_clump_double,
          infiniplex_forest_clump_double, infiniplex_forest_lined_3,
          infiniplex_forest_clump_medium, infiniplex_forest_straight_4,
          infiniplex_forest_zigzag_1, grunt_decor_one_mirror,
          grunt_decor_mini_mirrors
D:4:      layout_basic, minitemple, nemelex_spade_bored_becter, minivault_23,
          hangedman_decor_peaks_small

Skill      XL: |  1  2  3  4  5  6 |
---------------+-------------------+-----
Long Blades    | 3 4 |  4.9
Armour         | 3 4 |  4.0
Fighting       | 4 |  4.7
Dodging        | |  1.5

Action                   |  1- 3 |  4- 6 || total
-------------------------+-------+-------++-------
Melee: Falchion          |    93 |    19 ||   112
       Long sword        |       |    80 ||    80
Throw: Stone             |    16 |     4 ||    20
       Dart              |       |     2 ||     2
Invok: Berserk           |     3 |     1 ||     4
Armor: Animal skin       |     2 |       ||     2
       Scale mail        |    30 |    60 ||    90
       Ring mail         |     2 |       ||     2
Dodge: Dodged            |    46 |    62 ||   108

Table legend: (Time is in decaauts)
 A = Elapsed time spent in this place.
 B = Non-inter-level travel time spent in this place.
 C = Inter-level travel time spent in this place.
 D = Time resting spent in this place.
 E = Time spent auto-exploring this place.
 F = Levels seen in this place.
 G = Mean time per level.
                   A        B        C        D        E       F      G
               +--------+--------+--------+--------+--------+-----+--------+
         Total |   4430 |   4260 |    170 |    279 |   3434 |   4 | 1107.5 |
       Dungeon |   4430 |   4260 |    170 |    279 |   3434 |   4 | 1107.5 |
               +--------+--------+--------+--------+--------+-----+--------+

Top non-repeatable levels by time:
     D:1: 1618 daAuts
     D:2: 1029 daAuts
     D:3: 1010 daAuts
     D:4: 773 daAuts
